 Dungeon Crawl Stone Soup version 0.31.0-9-g3a7656b989 (webtiles) character file.

Game seed: 11477381762960776278

15 CaptainMV the Magician (level 2, -5/22 HPs)
             Began as a Demonspawn Wanderer on Jan 30, 2024.
             Killed from afar by Natasha (6 damage)
             ... with a magic dart
             ... on level 2 of the Dungeon.
             The game lasted 00:04:23 (407 turns).

CaptainMV the Magician (Demonspawn Wanderer)         Turns: 407, Time: 00:04:23

Health: -5/22      AC:  3    Str: 12    XL:     2   Next: 34%
Magic:  7/7        EV: 11    Int: 12    God:
Gold:   51         SH:  0    Dex: 12    Spells: 9/9 levels left

rFire   . . .        a - +3 falchion
rCold   . . .        (no shield)
rNeg    . . .        c - +0 robe
rPois   .            (no helmet)
rElec   .            (no cloak)
rCorr   .            (no gloves)
SInv    .            (no boots)
Will    .....        (no amulet)
Stlth   +            (no ring)
HPRegen 0.23/turn    (no ring)
MPRegen 0.10/turn

%: no passive effects
@: slowed, very slow
A: rugged brown scales 1
a: no special abilities


You were on level 2 of the Dungeon.
You visited 1 branch of the dungeon, and saw 2 of its levels.

You collected 51 gold pieces.

Inventory:

Hand Weapons
 a - a +3 falchion (weapon)
Armour
 c - a +0 robe (worn)
Scrolls
 d - 3 scrolls of teleportation
 e - a scroll of poison
Potions
 b - 2 potions of curing


   Skills:
 + Level 2.0 Fighting
 + Level 2.7 Long Blades
 + Level 0.3 Dodging
 + Level 0.8 Stealth
 + Level 4.2 Spellcasting
 + Level 1.0 Evocations


You had 9 spell levels left.
You didn't know any spells.
Your spell library was empty.

Dungeon Overview and Level Annotations

Branches:
Dungeon (2/15)

Altars:

Annotations:
D:2 Natasha


Innate Abilities, Weirdness & Mutations

You are partially covered in rugged brown scales. (AC +1, +3% HP)


Message History

Natasha casts a spell at you.
You feel yourself slow down.
You slash Natasha!
Natasha is heavily wounded.
Natasha misses you.
Natasha howls an incantation.
You feel troubled. Natasha misses you.
You completely miss Natasha.
Natasha is heavily wounded.
Natasha closely misses you. The giant cockroach barely misses you.
Natasha closely misses you. The giant cockroach barely misses you.
You closely miss Natasha.
Natasha is heavily wounded.
The giant cockroach barely misses you.
Natasha stares at you and mumbles some strange words.
The magic dart hits you! The giant cockroach closely misses you.
Natasha claws you.
You hit Natasha.
Natasha is severely wounded.
The giant cockroach bites you. Natasha claws you but does no damage.
The giant cockroach bites you.
* * * LOW HITPOINT WARNING * * *
You closely miss Natasha.
Natasha is severely wounded.
Natasha closely misses you. The giant cockroach closely misses you.
Natasha casts a spell at you.
You feel as though you will be slow longer.
The giant cockroach bites you but does no damage.
You closely miss Natasha.
Natasha is severely wounded.
The giant cockroach bites you but does no damage.
Natasha stares at you and mumbles some strange words.
The magic dart hits you.
* * * LOW HITPOINT WARNING * * *
The giant cockroach completely misses you.
Natasha stares at you and mumbles some strange words.
The magic dart hits you.
You die...
Natasha curls up and begins to purr.

#### #.#
#.........###.#######
#....................
#.........##......#
#.......#.........##
#.......###........####
##.....#####.#.........
#......................
#.....@...#..##...###.#
#....B.h####.##...###..
##........ #.##........
##...###.##..<....#...
..... .####..##...#.
...... . ##........
#...... #. #...#....
#...... .. ......###
.......


You could see Natasha and a giant cockroach.

Vanquished Creatures
  A ribbon worm (D:2)
  2 endoplasms (D:1)
  3 goblins (D:1)
  2 kobolds (D:1)
  A quokka (D:1)
  A bat (D:1)
  A frilled lizard (D:1)
  A rat (D:1)
12 creatures vanquished.

Notes
Turn   | Place    | Note
-------+----------+-------------------------------------------
     0 | D:1      | CaptainMV the Demonspawn Wanderer began the quest for the
                  | Orb.
     0 | D:1      | CaptainMV set off with the following items: a +3 falchion,
                  | a potion of curing, a +0 robe.
     0 | D:1      | Reached XP level 1. HP: 16/16 MP: 5/5
    46 | D:1      | Noticed a golden eye
    53 | D:1      | Found a faded altar of an unknown god.
    55 | D:1      | Noticed an eye of devastation
    55 | D:1      | Noticed a shining eye
    55 | D:1      | Noticed a golden eye
   236 | D:1      | Gained mutation: You are partially covered in rugged brown
                  | scales. (AC +1, +3% HP) [demonic ancestry]
   236 | D:1      | Reached XP level 2. HP: 16/22 MP: 7/7
   400 | D:2      | Noticed Natasha
   407 | D:2      | HP: 1/22 [Natasha/magic dart (6)]
   407 | D:2      | Killed from afar by Natasha

Illustrated notes

Levels and vault maps discovered:
D:1:      saegor_arrival_simple_b, layout_rooms,
          hellmonk_ecumenical_altar_watching_god,
          hangedman_decor_clover_reticule
D:2:      layout_rooms, serial_shops, nicolae_shop_window_shopping,
          minmay_pentomino_pile, uniq_natasha

Action                     || total
---------------------------++-------
  Melee: Falchion          ||    33
    Use: Scroll            ||     4
   Stab: Sleeping          ||     1
 Armour: Robe              ||    23
  Dodge: Dodged            ||    23
